 Dungeon Crawl Stone Soup version 0.23.2-40-g277498a001 (webtiles) character file.

Game seed: 3567120866644303892

186 tsuna12 the Chopper (level 5, -6/46 HPs)
             Began as a Draconian Berserker on Oct 16, 2019.
             Was a Believer of Trog.
             Mangled by Sigmund
             ... wielding a +0 scythe of venom
              (10 damage)
             ... on level 3 of the Dungeon.
             The game lasted 00:37:58 (7872 turns).

tsuna12 the Chopper (Draconian Berserker)           Turns: 7872, Time: 00:38:04

Health: -6/46      AC:  5    Str: 21    XL:     5   Next: 38%
Magic:  0/5        EV: 22    Int:  7    God:    Trog [**....]
Gold:   159        SH:  0    Dex: 15    Spells: 4/4 levels left

rFire    x . .     SeeInvis .   a - +0 hand axe
rCold    + . .     Gourm    .   (no shield)
rNeg     . . .     Faith    .   (armour unavailable)
rPois    .         Spirit   +   (helmet restricted)
rElec    .         Reflect  .   (no cloak)
rCorr    .         Harm     .   (no gloves)
MR       ++...                  (no boots)
Stlth    +++.......             l - amulet of guardian spirit
HPRegen  1.15/turn              i - +3 ring of evasion
MPRegen  0.09/turn              p - ring of ice

@: agile, lethally poisoned (-6 -> -17), berserk cooldown, regenerating, slowed,
very slow
A: unfitting armour, cold-blooded, AC +5
a: Berserk, Trog's Hand, Renounce Religion


You were on level 3 of the Dungeon.
You worshipped Trog.
Trog was pleased with you.
You were very hungry.

You visited 1 branch of the dungeon, and saw 3 of its levels.

You collected 159 gold pieces.

Inventory:

Hand Weapons
 a - a +0 hand axe (weapon)
 e - a +1 dagger of holy wrath
Missiles
 t - 60 stones (quivered)
Jewellery
 i - a +3 ring of evasion (left hand)
 j - an uncursed ring of wizardry
 l - an amulet of guardian spirit (around neck)
 p - a ring of ice (right hand)
 q - an uncursed ring of magical power
Scrolls
 k - a scroll of teleportation {unknown}
 m - a scroll of immolation {unknown}
 s - a scroll of remove curse {unknown}
Potions
 b - a potion of heal wounds {unknown}
 d - a potion of curing {unknown}
 f - a potion of ambrosia {unknown}
 g - a potion of haste
 n - a potion of degeneration {unknown}
 u - a potion of flight {unknown}
Comestibles
 c - 2 rations


   Skills:
 + Level 3.8 Fighting
 * Level 4.5 Axes
 * Level 4.1 Dodging
 + Level 0.8 Stealth


You had 4 spell levels left.
You didn't know any spells.
Your spell library contained the following spells:

 Spells                   Type           Power        Failure   Level  Hunger
 Pain                     Necr           #...         43%         1    ##.....


Dungeon Overview and Level Annotations

Branches:
Dungeon (3/15)

Altars:
Fedhas
Kikubaaqudgha
Sif Muna
Vehumet
The Shining One

Annotations:
D:3 Sigmund


Innate Abilities, Weirdness & Mutations

Your plain brown scales are hard. (AC +5)
You cannot fit into any form of body armour.
You are cold-blooded and may be slowed by cold attacks.


Message History

Sigmund screams, "Only death can liberate you!"
Sigmund completely misses you.
Your skin crawls.
You feel resistant to hostile enchantments.
You feel somewhat more hungry.
You feel very sick.
Sigmund hits you with a +0 scythe of venom!
* * * LOW HITPOINT WARNING * * *
You are lethally poisoned!
Sigmund mumbles some strange words.
Sigmund flickers and vanishes!
Deactivating autopickup; reactivate with Ctrl-A.
You feel more agile all of a sudden.
You feel the effects of Trog's Hand fading.
* * * LOW HITPOINT WARNING * * *
You feel very sick.
You hear some strange, mumbled words.
Something tries to affect you, but you resist.
Something hits you!
You die...

#.#K# #.## #.. .... #.###.
#.#.## ..#. #.. .....#. #.# #.
#)...##.#.# #.# #.##.##.##.###.
#.......#.# #.#
.#.##.#...#..... ##<..####.#
#.# .....#.>....###. ##.## #.#
#.# #.#.###...### #. #.# #.#
#.# #..#........###. #.#
##.###.####...###......##. #.#
#........@{...# #.........
#.####..#####.##...###.##...###
#.......# #.##..#...####.####
#######.# #.#.#.#..## #.#...
#.# #..###...#####)#.## #.#
#.## ##..........# #.#
##.###..######.### #.####
#.#..........#
#....#####.##.########


There were no monsters in sight!

Vanquished Creatures
  An orc priest (D:3)
  Terence (D:3)
  3 adders
  2 oozes
  3 worms
  3 dart slugs
  2 leopard geckos
  4 orcs (D:3)
  6 bats
  4 giant cockroaches
  13 goblins
  10 hobgoblins
  2 jackals (D:3)
  10 kobolds
  3 frilled lizards
  6 rats
  5 fungi (D:2)
  A plant (D:2)
79 creatures vanquished.

Notes
Turn   | Place    | Note
-------+----------+-------------------------------------------
     0 | D:1      | tsuna12 the Draconian Berserker began the quest for the
                  | Orb.
     0 | D:1      | Reached XP level 1. HP: 19/19 MP: 1/1
   157 | D:1      | Reached XP level 2. HP: 23/26 MP: 2/2
  1559 | D:1      | Reached XP level 3. HP: 28/31 MP: 3/3
  3212 | D:2      | Reached ** piety under Trog
  3409 | D:2      | Found a blossoming altar of Fedhas.
  3674 | D:2      | Found a glowing golden altar of the Shining One.
  3866 | D:2      | Reached XP level 4. HP: 37/40 MP: 4/4
  4129 | D:2      | Found an ancient bone altar of Kikubaaqudgha.
  4129 | D:2      | Found a deep blue altar of Sif Muna.
  4131 | D:2      | Found a radiant altar of Vehumet.
  4338 | D:2      | Identified Kikubaaqudgha's Catalogue of Dark Magic
  4875 | D:3      | Noticed Sigmund
  5505 | D:3      | Noticed Terence
  5511 | D:3      | Killed Terence
  6310 | D:3      | Reached XP level 5. HP: 9/46 MP: 0/5
  7872 | D:3      | Mangled by Sigmund

Skill      XL: |  1  2  3  4 |
---------------+-------------+-----
Dodging        | 3 4 |  4.1
Axes           | 4 |  4.5
Fighting       | |  3.8
Stealth        | |  0.8

Action                   |  1- 3 |  4- 6 || total
-------------------------+-------+-------++-------
Melee: Hand axe          |   220 |   122 ||   342
       Tailslap          |    33 |    20 ||    53
Invok: Berserk           |     1 |     4 ||     5
       Trog's Hand       |     1 |     2 ||     3
  Use: Scroll            |     3 |     1 ||     4
       Potion            |       |     2 ||     2
  Eat: Chunk             |     4 |     5 ||     9
       Ration            |     2 |     3 ||     5
Armor: Skin              |    33 |    21 ||    54
Dodge: Dodged            |   109 |    91 ||   200
